 Dungeon Crawl Stone Soup version 0.29-a0-92-gee772dd00f (webtiles) character file.

Game seed: 127066310128179495

6 drugrobin the Grasshopper (level 1, 0/17 HPs)
             Began as a Demigod Warper on Feb 10, 2022.
             Slain by a kobold (2 damage)
             ... on level 1 of the Dungeon.
             The game lasted 00:00:23 (294 turns).

drugrobin the Grasshopper (Demigod Warper)           Turns: 294, Time: 00:00:24

Health: 0/17       AC:  3    Str: 12    XL:     1   Next: 60%
Magic:  5/5        EV: 11    Int: 15    God:
Gold:   12         SH:  0    Dex: 13    Spells: 3/3 levels left

rFire   . . .      SeeInvis .   a - +0 spear
rCold   . . .      Faith    .   (no shield)
rNeg    . . .      Spirit   .   b - +0 leather armour
rPois   .          Reflect  .   (no helmet)
rElec   .          Harm     .   (no cloak)
rCorr   .          Rampage  .   (no gloves)
Will    .....                   (no boots)
Stlth   +.........              (no amulet)
HPRegen 0.05/turn               (no ring)
MPRegen 0.09/turn               (no ring)

@: no status effects
A: high MP 1, forlorn, divine attributes
a: no special abilities


You were on level 1 of the Dungeon.
You visited 1 branch of the dungeon, and saw 1 of its levels.

You collected 12 gold pieces.

Inventory:

Hand Weapons
 a - a +0 spear (weapon)
Missiles
 d - 5 boomerangs of dispersal (quivered)
Armour
 b - a +0 leather armour (worn)
Scrolls
 c - a scroll of blinking


   Skills:
 - Level 1.7 Fighting
 + Level 2.1 Polearms
 - Level 0.8 Throwing
 - Level 0.8 Armour
 - Level 1.7 Dodging
 - Level 1.7 Spellcasting
 + Level 2.9 Translocations


You had 3 spell levels left.
You didn't know any spells.
Your spell library contained the following spells:

 Spells                   Type           Power      Damage    Failure   Level
 Blink                    Tloc           20%        N/A       13%         2
 Gell's Gravitas          Tloc           10%        N/A       26%         3
 Lesser Beckoning         Tloc           10%        N/A       26%         3
 Teleport Other           Tloc           10%        N/A       26%         3
 Manifold Assault         Tloc           10%        N/A       94%         5


Dungeon Overview and Level Annotations

Branches:
Dungeon (1/15)


Innate Abilities, Weirdness & Mutations

You have an increased reservoir of magic. (+10% MP)
You shall have no god before yourself.
Your divine heritage dramatically boosts your attributes as you level up.


Message History

A quokka and a frilled lizard come into view.
The frilled lizard hisses angrily.
The kobold shouts!
You hear a bark!
A jackal comes into view.
You hear a shout!
A jackal comes into view.
Reach: a) +0 spear
Press: ? - help, Dir - move target, f - jackal
Aim: a jackal (about 49% to evade your +0 spear)
You reach to attack!
You closely miss the jackal. The jackal closely misses you.
Unknown command.
You closely miss the jackal. The jackal barely misses you.
You closely miss the jackal. The jackal bites you. x2
You hit the jackal.
The jackal is severely wounded.
The jackal bites you but does no damage.
You hit the jackal.
You kill the jackal!
The quokka bites you.
Your Polearms skill increases to level 2!
You hit the quokka.
The quokka is severely wounded.
The quokka misses you.
You hit the quokka.
The quokka is almost dead.
The quokka bites you.
You hit the quokka.
You kill the quokka!
You miss the frilled lizard. The frilled lizard closely misses you.
You hit the frilled lizard.
You kill the frilled lizard!
You hit the kobold but do no damage. The kobold hits you with a +0 club.
You barely miss the kobold. The kobold hits you with a +0 club.
* * * LOW HITPOINT WARNING * * *
You closely miss the kobold. The kobold hits you with a +0 club.
* * * LOW HITPOINT WARNING * * *
A rat comes into view.
You closely miss the kobold. The kobold hits you but does no damage.
You closely miss the kobold. The kobold hits you with a +0 club.
You die...

#.)............#....
#................
#....r..........#
##............... #
####...............#
#######..........####.##.##..
#...##..###.......>##........#
#...##.## #..#K###..#.........
#......####..#@####...........
#....#......##.#...........>..
#...##.......................
#..........##..P#≈#P.....P#
#...##.....##.P##≈##P...P##≈##
#...##.........≈≈≈≈≈..<..≈≈≈≈≈
#...##.....#..P##≈##P...P##≈##
#...##.....##..P#≈#P.....P#
############ ...............


You could see a kobold and a rat.

Vanquished Creatures
  A dart slug (D:1)
  A jackal (D:1)
  A quokka (D:1)
  A frilled lizard (D:1)
4 creatures vanquished.

Notes
Turn   | Place    | Note
-------+----------+-------------------------------------------
     0 | D:1      | drugrobin the Demigod Warper began the quest for the Orb.
     0 | D:1      | Reached XP level 1. HP: 17/17 MP: 5/5
   294 | D:1      | Slain by a kobold

Illustrated notes

Levels and vault maps discovered:
D:1:      eino_arrival_water_cross, layout_rooms

Skill      XL: |  1 |
---------------+----+-----
Polearms       | 2 |  2.1
Fighting       | |  1.7
Throwing       | |  0.8
Armour         | |  0.8
Dodging        | |  1.7
Spellcasting   | |  1.7
Translocations | |  2.9

Action                   || total
-------------------------++-------
Melee: Spear             ||    25
Armor: Leather armour    ||     2
Dodge: Dodged            ||     8

Table legend: (Time is in decaauts)
 A = Elapsed time spent in this place.
 B = Non-inter-level travel time spent in this place.
 C = Inter-level travel time spent in this place.
 D = Time resting spent in this place.
 E = Time spent auto-exploring this place.
 F = Levels seen in this place.
 G = Mean time per level.
                   A        B        C        D        E       F      G
               +--------+--------+--------+--------+--------+-----+--------+
         Total |    294 |    294 |      0 |    223 |     29 |   1 |  294.0 |
       Dungeon |    294 |    294 |      0 |    223 |     29 |   1 |  294.0 |
               +--------+--------+--------+--------+--------+-----+--------+

Top non-repeatable levels by time:
     D:1: 294 daAuts
